Map: Odyssey LE

Players

omegabanana - Winner!

  • Race: Protoss Protoss
  • League: Gold
  • Spawn Location: 11:00

McMonMEMEroe

  • Race: Zerg Zerg
  • League: Master
  • Spawn Location: 5:00

VOD

https://go.twitch.tv/videos/186074637

Description

Time

  • Played on: Oct. 29, 2017, 2:07 p.m.
  • Length: 9:55
Show
View Real Time Build Order
Export as new Build Order

omegabanana Protoss - Winner!

Build Orders: 1 Gate Expand, Zealot Archon, Dark Templar Rush 

Get SALT Encoding   

  12  0:01  Probe (Chrono Boost)  
  13  0:11  Probe (Chrono Boost)  
  14  0:18  Pylon  
  14  0:22  Probe (Chrono Boost)  
  15  0:37  Probe (Chrono Boost)  
  15  0:39  Gateway  
  16  0:44  Assimilator  
  16  0:47  Probe (Chrono Boost)  
  17  0:58  Probe (Chrono Boost)  
  18  1:08  Probe (Chrono Boost)  
  19  1:22  Nexus  
  19  1:25  Probe (Chrono Boost)  
  20  1:33  Cybernetics Core  
  20  1:36  Probe (Chrono Boost)  
  21  1:41  Assimilator  
  22  1:47  Probe (Chrono Boost)  
  22  1:51  Pylon  
  22  1:57  Probe (Chrono Boost)  
  23  2:09  Adept (Chrono Boost), Probe (Chrono Boost)  
  23  2:10  Warp Gate  
  26  2:21  Probe  
  27  2:25  Twilight Council  
  27  2:33  Probe  
  27  2:34  Adept (Chrono Boost)  
  27  2:35  Probe  
  31  2:45  Probe  
  31  2:47  Robotics Facility  
  31  2:49  Probe (Chrono Boost)  
  33  2:57  Probe (Chrono Boost)  
  34  3:01  Probe (Chrono Boost)  
  35  3:08  Probe (Chrono Boost)  
  35  3:12  Probe (Chrono Boost)  
  37  3:13  Dark Shrine  
  37  3:19  Probe (Chrono Boost)  
  38  3:22  Probe (Chrono Boost)  
  39  3:33  Gateway x2  
  39  3:35  Gateway  
  39  3:37  Warp Prism (Chrono Boost)  
  39  3:38  Probe  
  42  3:42  Probe  
  42  3:45  Assimilator  
  42  3:48  Assimilator  
  43  3:52  Pylon, Probe  
  43  3:54  Probe  
  45  4:03  Probe (Chrono Boost)  
  46  4:10  Probe (Chrono Boost)  
  46  4:11  Pylon  
  46  4:15  Probe (Chrono Boost)  
  48  4:17  Forge  
  48  4:21  Probe (Chrono Boost)  
  49  4:25  Probe (Chrono Boost)  
  49  4:31  Dark Templar x3  
  52  4:33  Dark Templar  
  52  4:35  Archon  
  52  4:36  Archon  
  52  4:37  Protoss Ground Weapons Level 1 (Chrono Boost)  
  58  4:40  Pylon, Probe (Chrono Boost)  
  59  4:58  Nexus  
  59  5:04  Immortal (Chrono Boost)  
  64  5:07  Probe  
  64  5:09  Mothership Core  
  66  5:14  Pylon  
  66  5:16  Charge  
  66  5:26  Probe  
  67  5:30  Probe  
  68  5:36  Pylon  
  68  5:38  Probe  
  68  5:39  Immortal (Chrono Boost)  
  68  5:42  Probe  
  74  5:46  Sentry x2  
  78  5:52  Pylon  
  78  5:54  Probe x2  
  78  5:55  Sentry  
  82  6:06  Probe x2  
  82  6:11  Protoss Ground Weapons Level 2, Probe  
  84  6:14  Immortal (Chrono Boost)  
  84  6:17  Assimilator  
  84  6:18  Probe x2  
  90  6:22  Assimilator  
  92  6:27  Gateway  
  92  6:28  Gateway  
  92  6:29  Gateway  
  92  6:30  Gateway  
  91  6:35  Probe  
  91  6:36  Probe x2  
  94  6:45  Probe  
  94  6:48  Immortal (Chrono Boost), Probe x2  
  101  6:56  Probe  
  101  7:00  Probe  
  103  7:03  Probe  
  103  7:06  Probe  
  103  7:08  Pylon x2  
  105  7:09  Pylon  
  105  7:11  Pylon  
  105  7:12  Probe  
  106  7:25  Gateway  
  106  7:27  Gateway  
  106  7:28  Immortal (Chrono Boost)  
  110  7:30  Gateway  
  110  7:31  Gateway  
  110  7:36  Pylon  
  110  7:37  Pylon  
  110  7:38  Dark Templar x2  
  110  7:43  Archon  
  110  7:44  Dark Templar x2  
  118  7:52  Zealot x3  
  118  8:00  Zealot  
  118  8:04  Immortal (Chrono Boost)  
  118  8:06  Mothership Core  
  118  8:12  Zealot x2  
  114  8:13  Zealot x3  
  118  8:26  Sentry x2  
  122  8:31  Dark Templar x4  
  122  8:33  Dark Templar  
  122  8:34  Dark Templar, Sentry  
  134  8:36  Dark Templar x2  
  134  8:38  Archon x2  
  134  8:40  Archon  
  140  8:46  Pylon  
  140  8:47  Pylon, Archon  
  140  8:49  Pylon  
  140  8:56  Pylon  
  140  8:59  Observer (Chrono Boost)  
  141  9:04  Zealot  
  141  9:05  Zealot x3  
  141  9:06  Zealot x3  
  141  9:07  Zealot  
  141  9:09  Zealot  
  159  9:10  Zealot  
  161  9:28  Zealot  
  161  9:29  Zealot x5  
  143  9:39  Zealot x5  
  135  9:47  Zealot  
Show
View Real Time Build Order
Export as new Build Order

McMonMEMEroe Zerg 

Build Orders: Hatch First 

Get SALT Encoding   

  12  0:00  Drone  
  13  0:12  Overlord  
  13  0:17  Drone  
  14  0:30  Drone x2  
  14  0:33  Drone  
  17  0:52  Hatchery  
  17  0:54  Drone  
  17  0:56  Drone  
  18  1:07  Extractor  
  17  1:11  Spawning Pool  
  17  1:14  Drone  
  17  1:18  Drone  
  18  1:27  Drone  
  19  1:38  Overlord  
  19  1:49  Drone  
  20  1:58  Queen  
  20  1:59  Zergling x2  
  23  2:03  Queen  
  23  2:04  Zergling x2  
  23  2:06  Metabolic Boost  
  26  2:11  Drone  
  26  2:14  Drone  
  28  2:21  Drone  
  29  2:25  Drone  
  30  2:32  Drone  
  31  2:39  Hatchery  
  31  2:41  Drone  
  31  2:50  Overlord  
  31  2:54  Drone  
  31  2:56  Drone  
  33  2:59  Drone  
  34  3:08  Overlord  
  34  3:10  Drone x5  
  34  3:12  Drone  
  40  3:16  Overlord  
  40  3:20  Drone  
  40  3:22  Drone  
  40  3:26  Queen  
  44  3:31  Lair  
  44  3:36  Roach Warren  
  44  3:39  Drone  
  44  3:41  Drone  
  44  3:42  Extractor  
  44  3:44  Drone x2  
  46  3:49  Drone x2  
  46  3:52  Drone x2  
  46  3:53  Extractor, Drone  
  50  4:01  Drone  
  51  4:03  Queen  
  53  4:14  Overlord x2  
  55  4:17  Roach x4  
  55  4:23  Spore Crawler  
  60  4:25  Spore Crawler  
  60  4:29  Overseer  
  60  4:30  Glial Reconstitution  
  59  4:32  Roach x2  
  63  4:41  Roach x3  
  70  4:53  Drone x11  
  70  4:57  Overlord  
  80  5:00  Overlord  
  78  5:09  Evolution Chamber  
  78  5:10  Overlord  
  77  5:14  Extractor x2  
  77  5:15  Overlord x2  
  77  5:18  Drone x4  
  79  5:24  Drone x5  
  84  5:31  Drone x4  
  84  5:35  Zerg Missile Weapons Level 1  
  88  5:44  Overlord x2  
  88  5:45  Roach  
  88  5:46  Roach, Overseer  
  92  5:51  Queen  
  94  5:59  Roach x4  
  101  6:10  Roach x5  
  111  6:22  Hatchery  
  111  6:25  Overlord x4  
  110  6:35  Roach  
  110  6:36  Roach x2  
  110  6:39  Overlord x4  
  114  6:44  Roach  
  114  6:45  Roach x2  
  120  6:54  Roach x6  
  131  7:04  Roach x5  
  141  7:10  Drone  
  140  7:19  Ravager  
  140  7:20  Ravager x11  
  140  7:21  Overlord x2  
  152  7:26  Drone  
  152  7:27  Drone  
  152  7:28  Drone  
  152  7:29  Hatchery  
  154  7:30  Drone x2  
  154  7:32  Zerg Melee Weapons Level 1  
  156  7:48  Zergling x16  
  156  7:49  Zergling x2  
  151  8:00  Hatchery  
  151  8:01  Zergling x20  
  138  8:10  Zergling x12  
  125  8:27  Drone x7  
  132  8:31  Roach x2, Spire  
  132  8:32  Extractor  
  133  8:35  Baneling Nest  
  133  8:38  Drone x2  
  133  8:40  Drone  
  135  8:46  Queen  
  137  8:49  Drone x3  
  137  8:50  Drone  
  137  8:51  Zergling x12  
  147  9:04  Zergling x14  
  147  9:07  Overlord  
  147  9:09  Overseer  
  154  9:14  Ravager x7  
  161  9:18  Baneling x8  
  161  9:19  Baneling x8  
  161  9:20  Zergling x8  
  161  9:21  Zergling x20  
  174  9:24  Baneling x12  
Tags
 
Add a new tag
Caveats
  • Supply blocks, unpowered buildings, or Contaminate may cause inaccurate times.
  • Supply counts are checked every 10 seconds.